 Dungeon Sprint DCSS version 0.31-a0-986-g5e6e4ef867 (webtiles) character file.

Game seed: 9997626317912225582

7088 rocky1 the Brawler (level 10, -2/83 HPs)
             Began as a Demonspawn Shapeshifter on Nov 14, 2023.
             Was an Initiate of Gozag.
             Slain by a lindwurm (5 damage)
             ... in the Dungeon (Sprint III: "The Ten Rune Challenge").
             The game lasted 00:16:24 (3928 turns).

rocky1 the Brawler (Demonspawn Shapeshifter)        Turns: 3928, Time: 00:16:24

Health: -2/83      AC: 12    Str: 22    XL:     10   Next: 84%
Magic:  10/10      EV: 10    Int: 18    God:    Gozag
Gold:   2491       SH:  9    Dex: 11    Spells: 6/9 levels left

rFire   . .          .
                       - Unarmed
rCold   + . .        (no shield)
rNeg    . . .        o - +0 chain mail
rPois   +            (helmet currently unavailable)
rElec   +            (cloak currently unavailable)
rCorr   .            (gloves currently unavailable)
SInv    .            (boots currently unavailable)
Will    ++...        q - amulet "Cerhex" {Reflect rElec Int+6 SH+5} Stlth
                     p - ring of Agaev {rC+ Will++}
HPRegen 0.33/turn    g - ring of poison resistance
MPRegen 0.12/turn

%: no teleportation, reflection
@: beast-form, gold aura
A: beast (slay +4), yellow scales 2, demonic guardian 2, demonic magic 1, large
bone plates 1, electricity resistance, strong 1
a: Begin Untransformation, Renounce Religion, Potion Petition, Call Merchant,
Bribe Branch


You were in the Dungeon.
You worshipped Gozag.
Gozag was most pleased with you.
You were a hulking beast.
You visited 1 branch You collected 6567 gold pieces.
You spent 2382 gold pieces at shops.
You paid 1694 gold pieces to Gozag.

Inventory:

Armour
 a - a +0 animal skin
 l - a +0 leather armour
 o - a +0 chain mail (worn)
Jewellery
 f - a +6 ring of dexterity
 g - a ring of poison resistance (right hand)
 k - an amulet of magic regeneration
 p - the ring of Agaev (left hand) {rC+ Will++}
   (You bought it in a shop in the Dungeon)

   [ring of protection from cold]

   rC+:       It protects you from cold.
   Will++:    It greatly increases your willpower.
 q - the amulet "Cerhex" (around neck) {Reflect rElec Int+6 SH+5}
   (You bought it in a shop in the Dungeon)

   [amulet of reflection]

   Reflect:   It reflects blocked missile attacks.
   Int+6:     It affects your intelligence (+6).
   rElec:     It insulates you from electricity.
   SH+5:      It affects your SH (+5).
Talismans
 c - a beast talisman
 d - a flux talisman
Scrolls
 j - a scroll of blinking
 n - a scroll of poison
Potions
 e - a potion of curing
 h - 2 potions of magic
 i - 2 potions of mutation
 m - a potion of brilliance
Miscellaneous
 b - a sack of spiders


   Skills:
 - Level 9.3 Fighting
 - Level 3.6 Armour
 - Level 7.7 Dodging
 - Level 2.6 Stealth
 - Level 0.2 Shields
 * Level 16.1 Unarmed Combat
 - Level 7.3 Evocations
 + Level 11.5 Shapeshifting


You had 6 spell levels left.
You knew the following spells:

 Your Spells              Type           Power      Damage    Failure   Level
a - Stone Arrow           Conj/Erth      0%         3d7       99%         3

Your spell library contained the following spells:

 Spells                   Type           Power      Damage    Failure   Level
 Dazzling Flash           Conj/Hex       0%         N/A       99%         3
 Volatile Blastmotes      Fire/Tloc      0%         2d10      99%         3
 Animate Armour           Summ/Erth      0%         N/A       100%        4
 Starburst                Conj/Fire      0%         6d3       100%        6
 Lehudib's Crystal Spear  Conj/Erth      0%         10d2      100%        8
 Maxwell's Capacitive Co  Air            0%         ∞         100%        8


Dungeon Overview and Level Annotations

Branches:
Dungeon (1/1)

Altars:
Cheibriados
Dithmenos
Fedhas
Gozag
Hepliaklqana
Kikubaaqudgha
Makhleb
Nemelex Xobeh
Okawaru
Qazlal
Ru
Sif Muna
Trog
Uskayaw
Vehumet
Wu Jian
Xom
Yredelemnul
Jiyva
Lugonu

Shops:
D =[=


Innate Abilities, Weirdness & Mutations

You are a hulking beast.
Your limbs bulge with bestial killing power. (Slay +4)
You are mostly covered in yellow scales. (AC +3)
A demonic guardian rushes to your aid.
Spells you cast may paralyse adjacent enemies.
You are partially covered in large bone plates. (SH +4)
You are resistant to electric shocks. (rElec)
Your muscles are strong. (Str +4, Int/Dex -1)


Message History

The lindwurm roars!
The lindwurm breathes flames at you. The blast of flame hits you!!
You block the lindwurm's attack.
The lindwurm claws you but does no damage.
You block the lindwurm's attack.
You hit the lindwurm.
The lindwurm is lightly wounded.
You block the lindwurm's attack. The lindwurm claws you.
The lindwurm claws you but does no damage.
You hit the lindwurm. Your punch misses the lindwurm.
The lindwurm is moderately wounded.
The lindwurm bites you!
The lindwurm claws you but does no damage. x2
You are too injured to fight recklessly!
You are too injured to fight recklessly!
You are too injured to fight recklessly!
You completely miss the lindwurm.
The lindwurm is moderately wounded.
You punch the lindwurm!
The lindwurm is moderately wounded.
The lindwurm bites you.
The lindwurm claws you but does no damage.
You block the lindwurm's attack.
You hit the lindwurm.
The lindwurm is heavily wounded.
The lindwurm breathes flames at you. The blast of flame hits you!!
* * * LOW HITPOINT WARNING * * *
A demonic guardian appears!
You completely miss the lindwurm. You punch the lindwurm!
The lindwurm is severely wounded.
Something bites your rust devil but does no damage.
The lindwurm bites you.
* * * LOW HITPOINT WARNING * * *
The lindwurm claws you.
* * * LOW HITPOINT WARNING * * *
The lindwurm claws you.
You die...
Your body crumbles into a pile of gold.

+♣♣'♣≈≈≈≈≈≈≈≈≈≈≈≈♣♣P.'
#.~♣♣♣♣♣♣♣♣♣♣♣♣♣♣♣♣PP#
#..♣♣ ♣♣♣# ###'♣
♣♣♣♣.# ♣...## ♣♣.##4
♣..#k## ♣♣.##h#
♣♣.##.# ♣.....#
#######


You could see a lindwurm (catching breath, ally target) and a friendly rust
devil (summoned).

Vanquished Creatures
  An orc high priest (D)
  2 cane toads (D)
  A komodo dragon (D)
  A queen bee (D)
  A tyrant leech (D)
  A shadow (D)
  3 wandering mushrooms (D)
  A redback (D)
  A spatial vortex (D)
  An orc warrior (D)
  A necrophage (D)
  A water elemental (D)
  18 killer bees (D)
  A jelly (D)
  An arcanist (D)
  A necromancer (D)
  An orc wizard (D)
  A kobold demonologist (D)
  A human (D)
  A wolf (D)
  2 orcs (D)
  An endoplasm (D)
  3 rats (D)
46 creatures vanquished.

Vanquished Creatures (collateral kills)
  Erolcha (D)
  A deep elf pyromancer (D)
  A tyrant leech (D)
  2 humans (D)
  2 redbacks (D)
  3 orc warriors (D)
  5 two-headed ogres (D)
  14 killer bees (D)
  An orc wizard (D)
  9 orcs (D)
39 creatures vanquished.

Grand Total: 85 creatures vanquished

Notes
Turn   | Place    | Note
-------+----------+-------------------------------------------
     0 | D        | rocky1 the Demonspawn Shapeshifter began the quest for the
                  | Orb.
     0 | D        | Reached XP level 1. HP: 15/15 MP: 1/1
   242 | D        | Reached skill level 3 in Unarmed Combat
   252 | D        | Noticed a wolf
   258 | D        | Killed a wolf
   259 | D        | Reached skill level 4 in Unarmed Combat
   259 | D        | Gained mutation: You are partially covered in yellow
                  | scales. (AC +2) [demonic ancestry]
   259 | D        | Reached XP level 2. HP: 20/21 MP: 2/2
   266 | D        | Reached XP level 3. HP: 22/26 MP: 3/3
   437 | D        | Gained mutation: You are frail. (-10% HP) [potion of
                  | mutation]
   437 | D        | Gained mutation: You are covered in fur. (AC +1) [potion of
                  | mutation]
   437 | D        | Gained mutation: Armour fits poorly on your strangely
                  | shaped body. [potion of mutation]
   437 | D        | Gained mutation: You expend magic power (3 MP) to
                  | strengthen your wands. [potion of mutation]
   438 | D        | Lost mutation: Armour fits poorly on your strangely shaped
                  | body. [potion of mutation]
   438 | D        | Lost mutation: You are frail. (-10% HP) [potion of
                  | mutation]
   438 | D        | Lost mutation: You are covered in fur. (AC +1) [potion of
                  | mutation]
   438 | D        | Gained mutation: Your flesh is cold resistant. (rC+)
                  | [potion of mutation]
   438 | D        | Lost mutation: Your flesh is cold resistant. (rC+) [potion
                  | of mutation]
   438 | D        | Gained mutation: Your flesh is heat resistant. (rF+)
                  | [potion of mutation]
   439 | D        | Lost mutation: Your flesh is heat resistant. (rF+) [potion
                  | of mutation]
   439 | D        | Lost mutation: You expend magic power (3 MP) to strengthen
                  | your wands. [potion of mutation]
   439 | D        | Gained mutation: You are resistant to electric shocks.
                  | (rElec) [potion of mutation]
   439 | D        | Gained mutation: You are partially covered in large bone
                  | plates. (SH +4) [potion of mutation]
   439 | D        | Gained mutation: Your muscles are strong. (Str +4, Int/Dex
                  | -1) [potion of mutation]
   451 | D        | Noticed a water elemental
   458 | D        | Killed a water elemental
   459 | D        | Reached skill level 5 in Unarmed Combat
   459 | D        | Reached skill level 5 in Shapeshifting
   459 | D        | Reached XP level 4. HP: 32/32 MP: 4/4
   724 | D        | Reached skill level 6 in Unarmed Combat
   751 | D        | Noticed a shadow
   755 | D        | Killed a shadow
   756 | D        | Reached skill level 1 in Stealth
   756 | D        | Reached skill level 8 in Unarmed Combat
   756 | D        | Gained mutation: Spells you cast may paralyse adjacent
                  | enemies. [demonic ancestry]
   756 | D        | Reached XP level 5. HP: 23/39 MP: 5/5
   756 | D        | Gained mutation: A weak demonic guardian rushes to your
                  | aid. [demonic ancestry]
   756 | D        | Reached XP level 6. HP: 26/45 MP: 6/6
   763 | D        | Found a blossoming altar of Fedhas.
   763 | D        | Found a stormy altar of Qazlal.
   763 | D        | Found a snail-covered altar of Cheibriados.
   763 | D        | Found a burning altar of Makhleb.
   763 | D        | Found a shimmering altar of Xom.
   763 | D        | Noticed a spatial vortex
   764 | D        | Found a hazy altar of Hepliaklqana.
   764 | D        | Found an opulent altar of Gozag.
   764 | D        | Found a sparkling altar of Nemelex Xobeh.
   764 | D        | Found a corrupted altar of Lugonu.
   764 | D        | Found a viscous altar of Jiyva.
  1061 | D        | Became a worshipper of Gozag Ym Sagoz the Greedy
  1085 | D        | Killed a spatial vortex
  1091 | D        | Found a basalt altar of Yredelemnul.
  1091 | D        | Found a shadowy altar of Dithmenos.
  1091 | D        | Found a sacrificial altar of Ru.
  1101 | D        | Reached skill level 9 in Unarmed Combat
  1277 | D        | Found a radiant altar of Vehumet.
  1277 | D        | Found a shimmering blue altar of Sif Muna.
  1277 | D        | Found an ancient bone altar of Kikubaaqudgha.
  1293 | D        | Learned a level 3 spell: Stone Arrow
  1308 | D        | Noticed a deep elf pyromancer
  1313 | D        | Killed a deep elf pyromancer
  1314 | D        | Reached skill level 5 in Dodging
  1314 | D        | Reached skill level 10 in Unarmed Combat
  1314 | D        | Reached skill level 5 in Evocations
  1314 | D        | Gained mutation: You are mostly covered in yellow scales.
                  | (AC +3) [demonic ancestry]
  1314 | D        | Reached XP level 7. HP: 26/52 MP: 7/7
  1621 | D        | Found a hide-covered altar of Uskayaw.
  1621 | D        | Found an iron altar of Okawaru.
  1621 | D        | Found a bloodstained altar of Trog.
  1621 | D        | Found an ornate altar of the Wu Jian Council.
  1621 | D        | Noticed a human
  1622 | D        | Noticed a human
  1627 | D        | Killed a human
  1628 | D        | Reached skill level 1 in Armour
  1628 | D        | Reached XP level 8. HP: 38/60 MP: 8/8
  1629 | D        | Reached skill level 11 in Unarmed Combat
  1832 | D        | Noticed a two-headed ogre
  1843 | D        | Killed a two-headed ogre
  1844 | D        | Reached skill level 5 in Fighting
  1855 | D        | Noticed Erolcha
  1856 | D        | Noticed a two-headed ogre
  1864 | D        | Killed Erolcha
  1865 | D        | Reached skill level 12 in Unarmed Combat
  1865 | D        | Reached XP level 9. HP: 69/69 MP: 9/9
  1870 | D        | Killed a two-headed ogre
  1871 | D        | Reached skill level 13 in Unarmed Combat
  1871 | D        | Reached skill level 10 in Shapeshifting
  2066 | D        | Noticed a wandering mushroom
  2071 | D        | Noticed a wandering mushroom
  2073 | D        | Noticed a wandering mushroom
  2753 | D        | Found Nina's Jewellery Boutique.
  2777 | D        | Reached skill level 14 in Unarmed Combat
  2789 | D        | Noticed an orc high priest
  2792 | D        | Killed an orc high priest
  2793 | D        | Gained mutation: A demonic guardian rushes to your aid.
                  | [demonic ancestry]
  2793 | D        | Reached XP level 10. HP: 80/80 MP: 10/10
  2870 | D        | Bought a +6 ring of dexterity for 396 gold pieces
  2870 | D        | Bought a ring of poison resistance for 220 gold pieces
  2870 | D        | Bought an amulet of magic regeneration for 330 gold pieces
  2966 | D        | Reached skill level 15 in Unarmed Combat
  3375 | D        | Bought the ring of Agaev {rC+ Will++} for 644 gold pieces
  3375 | D        | Bought the amulet "Cerhex" {Reflect rElec Int+6 SH+5} for
                  | 792 gold pieces
  3416 | D        | Noticed a cane toad
  3416 | D        | Noticed a cane toad
  3419 | D        | Killed a cane toad
  3433 | D        | Killed a cane toad
  3915 | D        | Reached skill level 16 in Unarmed Combat
  3920 | D        | Noticed a lindwurm
  3928 | D        | HP: 4/83 [lindwurm (6)]
  3928 | D        | Slain by a lindwurm

Illustrated notes

Levels and vault maps discovered:
D:        dungeon_sprint_mu [sprint_mu_entry_cave, sprint_mu_temple_rooms,
          sprint_mu_d1_spiders, sprint_mu_d2_genie, sprint_mu_d3_branching,
          sprint_mu_orc_legion, sprint_mu_elf_gauntlet, sprint_mu_hive_nellie,
          sprint_mu_lair_fedhas, sprint_mu_vaults_butterflies,
          sprint_mu_slime_circle, sprint_mu_shoals_kraken,
          sprint_mu_snake_twists, sprint_mu_blade_basic,
          sprint_mu_crypt_chambers, sprint_mu_tomb_spiral,
          sprint_mu_vestibule_basic, sprint_mu_gehenna_hellfire,
          sprint_mu_dis_giant, sprint_mu_tartarus_statrot,
          sprint_mu_cocytus_islands, sprint_mu_zot1]

Skill      XL: |  1  2  3  4  5  6  7  8  9 10 |
---------------+-------------------------------+-----
Shapeshifting  | 4 5 7 8 9 10 11 | 11.5
Unarmed Combat | 4 5 8 10 12 14 16 | 16.1
Dodging        | 2 3 5 6 7 |  7.7
Fighting       | 2 3 6 7 9 |  9.3
Stealth        | 1 2 |  2.6
Evocations     | 5 6 7 |  7.3
Armour         | 1 2 3 |  3.6
Shields        | |  0.2

Action                     |  1- 3 |  4- 6 |  7- 9 | 10-12 || total
---------------------------+-------+-------+-------+-------++-------
  Melee: Unarmed           |    25 |    27 |    28 |   100 ||   180
         Punch             |     1 |     2 |       |     7 ||    10
 Invoke: Call Merchant     |       |       |     1 |     1 ||     2
  Evoke: Sack of spiders   |       |     1 |     5 |     3 ||     9
    Use: Potion            |     5 |     1 |     3 |       ||     9
         Scroll            |       |       |     3 |       ||     3
   Stab: Distracted        |       |       |       |     1 ||     1
 Armour: Animal skin       |     6 |    13 |    18 |     1 ||    38
         Skin              |     4 |       |       |       ||     4
         Chain mail        |       |       |       |    76 ||    76
  Dodge: Dodged            |     8 |    10 |    16 |    53 ||    87
  Block: Other             |       |     2 |     3 |    15 ||    20

Table legend: (Time is in decaauts)
 A = Elapsed time spent in this place.
 B = Non-inter-level travel time spent in this place.
 C = Inter-level travel time spent in this place.
 D = Time resting spent in this place.
 E = Time spent auto-exploring this place.
 F = Levels seen in this place.
 G = Mean time per level.
                   A        B        C        D        E       F      G
               +--------+--------+--------+--------+--------+-----+--------+
         Total |   3893 |   3857 |     36 |   2973 |     16 |   1 | 3893.0 |
       Dungeon |   3893 |   3857 |     36 |   2973 |     16 |   1 | 3893.0 |
               +--------+--------+--------+--------+--------+-----+--------+

Top non-repeatable levels by time:
       D: 3893 daAuts
